[Event "Late-Titled-Tuesday-Blitz-April-30-2024"]
[Site "Chess.com"]
[Date "2024.04.30"]
[Round "6"]
[White "KuzubovYuriy"]
[Black "jefferyx"]
[Result "0-1"]
[WhiteElo "2975"]
[BlackElo "3109"]
[TimeControl "180+1"]
[EndTime "15:06:57 PDT"]
[Termination "jefferyx won on time"]

1. d4 d5 2. c4 dxc4 3. Nf3 Nf6 4. e3 e6 5. Bxc4 c5 6. O-O Nc6 7. Nc3 a6 8. dxc5 Qxd1 9. Rxd1 Bxc5 10. Nd2 O-O 11.
Nde4 Nxe4 12. Nxe4 Be7 13. Bd2 b5 14. Be2 Bb7 15. Bc3 Rfd8 16. Bf3 Kf8 17. Kf1 b4 18. Be1 Ne5 19. Nd2 Nxf3 20. Nxf3 a5 21. Rxd8+ Rxd8 22. a3 bxa3 23. bxa3 a4 24. Nd4 Ba6+ 25. Kg1 Rc8 26. h3 Bd3 27. Bb4 e5 28. Nf3 f6 29.
Ne1 Bf5 30. Bxe7+ Kxe7 31. f3 Rc3 32. Kf2 Kd6 33. e4 Bd7 34. Ke2 Kc5 35. Kd2 Kc4 36. Rb1 Rxa3 37. Rb7 Ra2+ 38. Nc2 Bb5 39. Rc7+ Kb3 40.
Kc1 Bf1 0-1

[Event "Late-Titled-Tuesday-Blitz-April-30-2024"]
[Site "Chess.com"]
[Date "2024.04.30"]
[Round "6"]
[White "ImportedItalianMaple"]
[Black "Russian_berezka"]
[Result "1-0"]
[WhiteElo "2465"]
[BlackElo "2614"]
[TimeControl "180+1"]
[EndTime "15:06:59 PDT"]
[Termination "ImportedItalianMaple won by checkmate"]

1. d4 Nf6 2. c4 e6 3. g3 d5 4. Bg2 Bb4+ 5. Nd2 h6 6. Nf3 O-O 7. O-O b6 8. cxd5 exd5 9. a3 Bd6 10.
b4 c6 11. Bb2 a5 12. bxa5 Rxa5 13. Ne5 c5 14. e4 cxd4 15. Bxd4 dxe4 16. Nec4 Rd5 17. Bxf6 Qxf6 18. Nxe4 Rxd1 19. Nxf6+ gxf6 20. Rfxd1 Bc5 21. Bf3 Be6 22. Nd6 f5 23. Kg2 Nd7 24. Bd5 Nf6 25. Bxe6 fxe6 26. Nc4 Ne4 27. f3 Nc3 28. Rd3 Nd5 29. a4 Rd8 30. Rad1 Kf7 31. a5 bxa5 32. Nxa5 Ne3+ 33. Kh3 Ra8 34. Rd7+ Kf6 35.
Ra1 Bb6 36. Nb3 Rb8 37. Ra6 Bd8 38. Nc5 Kg5 39. Rxe6 Nc4 40. Rg7+ Kh5 41. Nd3 Nd2 42. Nf4# 1-0

[Event "Late-Titled-Tuesday-Blitz-April-30-2024"]
[Site "Chess.com"]
[Date "2024.04.30"]
[Round "6"]
[White "AsaHoffmann"]
[Black "NoSpaghettiForYou"]
[Result "0-1"]
[WhiteElo "2332"]
[BlackElo "2505"]
[TimeControl "180+1"]
[EndTime "15:06:59 PDT"]
[Termination "NoSpaghettiForYou won by resignation"]

1. d4 Nf6 2. Bg5 c6 3. Nc3 d5 4.
e3 Bf5 5. f3 Nbd7 6. h4 h6 7. Bf4 e6 8. g4 Bh7 9. Bd3 a6 10. Nge2 c5 11. Bxh7 Nxh7 12. Qd2 Qb6 13. O-O-O Qc6 14. e4 c4 15. exd5 exd5 16. g5 h5 17. Ng3 g6 18. Rde1+ Kd8 19. Be5 Rg8 20. f4 b5 21. f5 b4 22. Nb1 Nxe5 23. dxe5 Kc7 24. e6 gxf5 25. exf7 Rg7 26. Nxf5 Rxf7 27. Nd4 Qd6 28. Ne6+ Kb7 29. g6 Rf6 30. gxh7 Bh6 31. Ng5 Rh8 32. Qd4 Rxh7 33. Rhf1 Rhf7 34. Rxf6 Rxf6 35. Nd2 Rf4 36. Qe5 Qxe5 37. Rxe5 Rxh4 38. Ngf3 Rh1+ 39. Re1 Rxe1+ 40. Nxe1 c3 41. bxc3 bxc3 42. Kd1 Bxd2 43. Nf3 Bf4 44. Ke2 Bg3 45. Kd3 h4 46. Kxc3 h3 47. Kd4 h2 48. Nxh2 Bxh2 49. Kxd5 Kb6 50. c4 Bg1 51. a4 a5 52. Ke4 Kc5 53.
Kd3 Bd4 54. Kc2 Kxc4 55. Kb1 Kb4 56. Ka2 Kxa4 57. Kb1 Kb3 58. Kc1 a4 59. Kd2 a3 60.
Kd3 a2 61. Kxd4 a1=Q+ 0-1

[Event "Late-Titled-Tuesday-Blitz-April-30-2024"]
[Site "Chess.com"]
[Date "2024.04.30"]
[Round "6"]
[White "AlexeiShirov"]
[Black "Njal28"]
[Result "1/2-1/2"]
[WhiteElo "2821"]
[BlackElo "3081"]
[TimeControl "180+1"]
[EndTime "15:07:00 PDT"]
[Termination "Game drawn by repetition"]

1. e4 g6 2. d4 Bg7 3. Nc3 c5 4. dxc5 Bxc3+ 5. bxc3 Nf6 6. e5 Ne4 7. Bd3 Nxc5 8. Nf3 Nc6 9. h4 Qa5 10. Bd2 Nxd3+ 11. cxd3 Nxe5 12. O-O d6 13. Nxe5 Qxe5 14. Re1 Qf5 15. Bh6 Be6 16. Rb1 b6 17. Qa4+ Bd7 18. Qd4 O-O-O 19. Rxe7 Rhe8 20. Qc4+ Qc5 21. Qa6+ Kb8 22.
Be3 Qc8 23. Qa3 Rxe7 24. Qxd6+ Ka8 25. Qxe7 Bc6 26. Qxf7 Rxd3 27. Re1 Qg4 28. f3 Qd7 29.
Qg8+ Qd8 30. Qxh7 Rd1 31. Rxd1 Qxd1+ 32. Kf2 Qc2+ 33. Kg3 Qxc3 34. Qxg6 Kb7 35. Qf7+ Ka6 36. Qe6 Qe1+ 37. Kf4 Qxh4+ 38. g4 Qh2+ 39. Kg5 Kb7 40.
Qe7+ Ka6 41. Qa3+ Kb7 42. Qe7+ Ka6 43. Qa3+ Kb7 44. Qe7+ 1/2-1/2

[Event "Late-Titled-Tuesday-Blitz-April-30-2024"]
[Site "Chess.com"]
[Date "2024.04.30"]
[Round "6"]
[White "ArrestingPieces"]
[Black "Walter_White_Poland"]
[Result "1-0"]
[WhiteElo "2523"]
[BlackElo "2364"]
[TimeControl "180+1"]
[EndTime "15:07:00 PDT"]
[Termination "ArrestingPieces won on time"]

1. e4 c5 2. c3 e6 3. d4 cxd4 4. cxd4 d5 5. Nc3 Nc6 6. Nf3 Bb4 7. Bd3 dxe4 8. Bxe4 Nf6 9. Bxc6+ bxc6 10. Ne5 O-O 11. O-O c5 12. Be3 Bxc3 13. bxc3 cxd4 14. Bxd4 Bb7 15. Qe2 Qd5 16. f3 Rac8 17. Rfd1 Qa5 18. a4 Ba6 19. Qe3 Nd5 20. Qe1 f6 21. Nd7 Rfd8 22.
Qxe6+ Kh8 23. Nc5 Rxc5 24. Bxc5 Qxc5+ 25. Kh1 Bc4 26. Rd4 Rg8 27. Qe4 Bb3 28. Rc1 Nb6 29.
Qd3 Bxa4 30. Rh4 g6 31. Re1 Bb5 32. Qe4 Qf2 33. h3 Nd5 34. Rg1 Bd3 35. Qd4 Qxd4 36. Rxd4 1-0

[Event "Late-Titled-Tuesday-Blitz-April-30-2024"]
[Site "Chess.com"]
[Date "2024.04.30"]
[Round "6"]
[White "ansko1999"]
[Black "PenguinPacks"]
[Result "0-1"]
[WhiteElo "2612"]
[BlackElo "2469"]
[TimeControl "180+1"]
[EndTime "15:07:03 PDT"]
[Termination "PenguinPacks won by checkmate"]

1. c4 Nf6 2. Nf3 g6 3. Nc3 Bg7 4. d4 O-O 5. Bg5 d6 6. e3 Bf5 7. Bd3 Bxd3 8. Qxd3 Nbd7 9. O-O h6 10. Bh4 g5 11. Bg3 Re8 12. Rfd1 Nh5 13. Rab1 a5 14. a3 Nxg3 15. hxg3 e5 16. g4 exd4 17. Nxd4 Ne5 18. Qe2 a4 19. Nf5 Qd7 20. c5 Ra6 21. cxd6 cxd6 22.
Ne4 d5 23. Nc5 Qc6 24. Nxa6 bxa6 25. Rbc1 Qb6 26. Rxd5 Qb3 27. Rd4 Bf6 28. Nxh6+ Kh7 29. Nf5 Rb8 30. Rd6 Kg6 31. Qxa6 Nxg4 32. Ne7+ Kg7 33.
Nf5+ Kg6 34. Ne7+ Kg7 35. Nd5 Qxb2 36. Rf1 Be5 37. Rb6 Rh8 38. g3 Qc2 39. Qb5 Qe4 40. f3 Qc2 41. Qb2 Bxb2 42. Rxb2 Qxb2 43. fxg4 Qh2# 0-1

[Event "Late-Titled-Tuesday-Blitz-April-30-2024"]
[Site "Chess.com"]
[Date "2024.04.30"]
[Round "6"]
[White "GaiozNigalidze"]
[Black "baki83"]
[Result "1-0"]
[WhiteElo "2754"]
[BlackElo "2896"]
[TimeControl "180+1"]
[EndTime "15:07:04 PDT"]
[Termination "GaiozNigalidze won on time"]

1. e4 c5 2. Nf3 Nc6 3. Bb5 g6 4.
O-O Bg7 5. Bxc6 dxc6 6. d3 e5 7.
a3 Qe7 8. Nbd2 Nf6 9. h3 O-O 10. b4 Nd7 11. Bb2 b5 12. Nb3 Rd8 13. Qe1 cxb4 14.
axb4 Nf8 15. Qc3 Be6 16. Na5 Rdc8 17. Nxe5 f6 18. Nexc6 Qd7 19. d4 Bc4 20. d5 Bxf1 21.
Rxf1 Re8 22. f3 Rac8 23. Nb3 Qf7 24. Nc5 Rc7 25. Qd3 Rec8 26. f4 Qe8 27. Qxb5 Kh8 28.
Qd3 a5 29. b5 Rf7 30. b6 Rb8 31. Nxb8 Qxb8 32. Qb5 a4 33. Nxa4 Re7 34. Qc4 Nd7 35.
Ba3 Re8 36. Rb1 Qb7 37. Qc6 Qa8 38. Qxa8 Rxa8 39. b7 Rb8 40. Bd6 1-0

[Event "Late-Titled-Tuesday-Blitz-April-30-2024"]
[Site "Chess.com"]
[Date "2024.04.30"]
[Round "6"]
[White "AungTZ"]
[Black "Attacker_2006"]
[Result "0-1"]
[WhiteElo "2177"]
[BlackElo "2517"]
[TimeControl "180+1"]
[EndTime "15:07:04 PDT"]
[Termination "Attacker_2006 won on time"]

1. e4 g6 2. d4 Bg7 3. Nf3 d6 4. h3 a6 5. Nc3 b5 6. a3 Bb7 7.
Bd3 Nd7 8. O-O c5 9. d5 Ngf6 10.
Re1 O-O 11. Bf4 Ne8 12. Bf1 Ne5 13. Nxe5 dxe5 14. Be3 Rc8 15. Qd2 Nd6 16. a4 b4 17.
Nd1 Nxe4 18. Qc1 Qxd5 19. b3 Nd6 20. Nb2 Kh8 21. Rd1 Qe6 22. Nc4 f5 23. f3 f4 24.
Bf2 e4 25. fxe4 Nxe4 26. Re1 f3 27. g4 Qf6 28. Qe3 Nxf2 29. Qxf2 Qd4 30. Rad1 Qxf2+ 31. Kxf2 Bd4+ 32. Kg3 f2 33. Rxe7 Rf3+ 34. Kh2 Rb8 35.
Bg2 Rff8 36. Rf1 Bf6 37. Rxb7 Rbe8 38. Kh1 Bd4 39. Nd6 Re2 40. Nf7+ Kg7 41. Ng5+ Kh6 42. Ne6 Rxe6 43. Bd5 Re1 44. Kg2 Kg5 0-1

[Event "Late-Titled-Tuesday-Blitz-April-30-2024"]
[Site "Chess.com"]
[Date "2024.04.30"]
[Round "6"]
[White "DuleMudule"]
[Black "h4parah5"]
[Result "0-1"]
[WhiteElo "2780"]
[BlackElo "3023"]
[TimeControl "180+1"]
[EndTime "15:07:05 PDT"]
[Termination "h4parah5 won by resignation"]

1. d4 Nf6 2. Bg5 e6 3. e3 h6 4. Bh4 c5 5. c3 d5 6. Nd2 Nc6 7.
f4 g5 8. fxg5 Nh7 9. Bd3 hxg5 10. Bg3 Nf6 11. Ngf3 Nh5 12. Bf2 g4 13. Ne5 Nxe5 14.
dxe5 Qg5 15. Bb5+ Kd8 16. Be2 Qxe5 17. Bxg4 Nf6 18. Be2 Rxh2 19. Rg1 Rh8 20. Nf3 Qe4 21. Bd3 Qg4 22. Qc2 Ne4 23. O-O-O Nxf2 24. Qxf2 Bd6 25. e4 dxe4 26. Bxe4 Qf4+ 27. Rd2 Ke7 28. Qe2 Rd8 29. Kb1 Bd7 30. Rgd1 Ba4 31. b3 Be8 32. Bxb7 Rab8 33. Qa6 Bc7 34. Rxd8 Rxd8 35. Rxd8 Kxd8 36. Qxa7 Qe3 37.
Qa8+ Ke7 38. Bc6 Bxc6 39. Qxc6 Bd6 40. Qb7+ Kf6 41. Qd7 Qd3+ 42. Kb2 c4 43. Qd8+ Kg7 44. Qg5+ Kf8 45. Qd2 Qxd2+ 46. Nxd2 cxb3 47. axb3 f5 48. b4 Ke7 49. Kb3 e5 50. c4 e4 51. c5 Bg3 52.
Nc4 Ke6 53. Kc3 Be1+ 54. Kb3 f4 55. b5 Bf2 56. c6 e3 57. Nb6 Kd6 58. Nd5 e2 59. c7 Kd7 60. b6 Bxb6 61. c8=Q+ Kxc8 62. Nxf4 e1=Q 63. Ne2 Qxe2 0-1

[Event "Late-Titled-Tuesday-Blitz-April-30-2024"]
[Site "Chess.com"]
[Date "2024.04.30"]
[Round "6"]
[White "stasOR4ik"]
[Black "Casablanca"]
[Result "1-0"]
[WhiteElo "2486"]
[BlackElo "2627"]
[TimeControl "180+1"]
[EndTime "15:07:05 PDT"]
[Termination "stasOR4ik won by checkmate"]

1. e4 b6 2. c4 Bb7 3. Nc3 e6 4. g3 f5 5. d3 Nf6 6. Bg2 Bb4 7. f3 O-O 8. Ne2 fxe4 9. dxe4 d5 10. e5 Nfd7 11. f4 c6 12. O-O Ba6 13. cxd5 Bc5+ 14. Kh1 cxd5 15. Nxd5 Nc6 16. b4 Nxb4 17. Nxb4 Bxb4 18.
Nd4 Bxf1 19. Qxf1 Nc5 20. Nc6 Qd3 21. Nxb4 Qc3 22. Rb1 Rad8 23. Nc6 Rd7 24. Bb2 Qc2 25. Nd4 Qd2 26. Qc4 Kh8 27. Nxe6 Nxe6 28. Qxe6 Qc2 29. Rg1 Rd2 30. Ba1 Rd1 31. Qe7 Rc8 32. e6 Rxg1+ 33.
Kxg1 Qd1+ 34. Bf1 Qxa1 35. Qd7 Rg8 36. e7 Qe1 37. Kg2 Qe4+ 38. Kh3 Qg6 39. Bb5 Qh5+ 40. Kg2 Qh3+ 41. Kxh3 h5 42. e8=Q h4 43. Qed8 Kh7 44. Q8e8 Kh6 45. Qxg8 g6 46. Qgg7+ Kh5 47. Qf5+ gxf5 48.
Qg5# 1-0

[Event "Late-Titled-Tuesday-Blitz-April-30-2024"]
[Site "Chess.com"]
[Date "2024.04.30"]
[Round "6"]
[White "bobo_panda"]
[Black "ChessSwole"]
[Result "0-1"]
[WhiteElo "2420"]
[BlackElo "2665"]
[TimeControl "180+1"]
[EndTime "15:07:05 PDT"]
[Termination "ChessSwole won by checkmate"]

1. e4 c5 2. Nf3 Nc6 3. d4 cxd4 4.
Nxd4 e6 5. Nc3 Qc7 6. Qd3 Nf6 7. Ndb5 Qb8 8. Qg3 d6 9. Be3 a6 10. Nd4 Bd7 11. Be2 b5 12. a3 Qb7 13. O-O Rc8 14. Nb3 Ne5 15. f3 h5 16. Bd4 h4 17. Qf2 Be7 18.
h3 Nc4 19. Bxc4 bxc4 20. Nd2 e5 21. Be3 Qxb2 22. Ne2 c3 23. Rab1 Qxc2 24. Rfc1 Qd3 25. Nb3 c2 26. Rb2 Be6 27. Na1 d5 28. Rb3 Qd1+ 29.
Kh2 d4 30. Bg5 Bxb3 31. Nxb3 Qd3 32. Nd2 Ng4+ 33. fxg4 Bxg5 34. Qf5 O-O 35. Qxg5 Qxe2 36. Nf3 Qe3 37. Qxe3 dxe3 38. Nxh4 Rfd8 39. Nf3 Rd1 40. Rxc2 Rxc2 41. Kg3 e2 42. Nxe5 e1=Q+ 43. Kf4 Qf2+ 44. Nf3 Rc3 45. e5 Rxf3+ 46. gxf3 Rd4+ 47. Kg5 Qe3+ 48. f4 Qxf4+ 49. Kh4 Qh6+ 50. Kg3 Rd3+ 51. Kg2 Qd2+ 52.
Kf1 Re3 53. Kg1 Re1# 0-1

[Event "Late-Titled-Tuesday-Blitz-April-30-2024"]
[Site "Chess.com"]
[Date "2024.04.30"]
[Round "6"]
[White "DeArron_Fox"]
[Black "SaqoChess_Twitch"]
[Result "0-1"]
[WhiteElo "2512"]
[BlackElo "2683"]
[TimeControl "180+1"]
[EndTime "15:07:06 PDT"]
[Termination "SaqoChess_Twitch won on time"]

1. d4 d5 2. c4 e6 3. Nc3 Nf6 4. cxd5 Nxd5 5. e4 Nxc3 6. bxc3 c5 7. Nf3 cxd4 8. cxd4 Bb4+ 9. Bd2 Bxd2+ 10. Qxd2 O-O 11.
Bc4 Nd7 12. O-O b6 13. Rfe1 Bb7 14. Rad1 h6 15. d5 exd5 16. exd5 Rc8 17. Qf4 Qf6 18. Qxf6 Nxf6 19. Bb3 Rfd8 20. d6 Bxf3 21. gxf3 Rc6 22. Re7 Rcxd6 23. Rxd6 Rxd6 24. Rxf7 Kh8 25. Rxa7 Nh5 26.
Kg2 g5 27. Rb7 Rf6 28. Bc2 Nf4+ 29. Kg3 h5 30. Be4 Ne2+ 31. Kg2 Rd6 32. Kf1 Nf4 33.
Ke1 Kg8 34. a4 h4 35. Ra7 Kf8 36. Rh7 Rd4 37. Rb7 Rb4 38. Rb8+ Ke7 39. Rb7+ Kf6 40. Rb8 Ng2+ 41. Ke2 Nf4+ 42. Ke3 Rb3+ 43. Kd4 Rb4+ 44.
Kc3 Rxa4 45. Rxb6+ Kg7 46. Rb5 Kh6 47. Rb6+ Kh5 48.
Rb8 Kh6 49. Rb6+ Kg7 50. Rb7+ Kf6 51. Rb5 Ra2 52. Rf5+ Ke6 53. Rxg5 Rxf2 54. h3 Rh2 55. Rg4 Ng2 56. f4 Rxh3+ 57. Kd4 Ne3 58. Rg5 Kf6 59. Rh5 Ng4 60. Rg5 Nf2 61. Rg6+ Kf7 62. Bc2 Ra3 63.
Rh6 h3 64. Ke5 Ng4+ 0-1

[Event "Late-Titled-Tuesday-Blitz-April-30-2024"]
[Site "Chess.com"]
[Date "2024.04.30"]
[Round "6"]
[White "Atanejhad"]
[Black "CrushingKings"]
[Result "0-1"]
[WhiteElo "2453"]
[BlackElo "2609"]
[TimeControl "180+1"]
[EndTime "15:07:06 PDT"]
[Termination "CrushingKings won by checkmate"]

1. d4 g6 2. c3 Bg7 3. e4 c6 4. Nf3 d5 5. e5 f6 6. Bf4 Bg4 7. h3 Bxf3 8. Qxf3 fxe5 9. dxe5 Nd7 10. e6 Ndf6 11. Bd3 Qc8 12. Qe2 Nh5 13. Bh2 Bh6 14. Nd2 Ng7 15. O-O Qxe6 16. Qd1 Nf6 17. Re1 Qf7 18. Nf3 O-O 19. Qb3 e6 20. Ne5 Qe7 21. a4 Nfh5 22. Bxg6 hxg6 23. Nxg6 Qf7 24. Nxf8 Rxf8 25.
Qc2 Nf4 26. Bxf4 Bxf4 27. Qe2 Bd6 28. a5 a6 29. Ra4 e5 30. Rg4 e4 31. c4 Qf5 32.
cxd5 cxd5 33. Qe3 Qe5 34. Rd1 Rf5 35. Kf1 Qe7 36. Qh6 Bc5 37. Rd2 e3 38. Re2 Qf7 39.
f4 d4 40. Rc2 d3 41. Rxc5 Rxc5 42. f5 Rc1# 0-1

[Event "Late-Titled-Tuesday-Blitz-April-30-2024"]
[Site "Chess.com"]
[Date "2024.04.30"]
[Round "6"]
[White "ahkashefi2800"]
[Black "Hudijegszid"]
[Result "0-1"]
[WhiteElo "2579"]
[BlackElo "2467"]
[TimeControl "180+1"]
[EndTime "15:07:07 PDT"]
[Termination "Hudijegszid won on time"]

1. e4 c6 2. Nf3 d5 3. Nc3 dxe4 4. Nxe4 Nf6 5. Nxf6+ exf6 6. d4 Bg4 7. Be2 Bd6 8. O-O O-O 9. c4 Nd7 10. Be3 Re8 11.
h3 Bh5 12. a3 Nf8 13. b4 Ne6 14. Qd2 Qc7 15. Rac1 Nf4 16. Rfd1 Nxe2+ 17. Qxe2 f5 18. Qd3 Bxf3 19. gxf3 f4 20. Bd2 Qd7 21. Kh2 Re6 22. Rg1 Rh6 23. Rg4 Re8 24. Rcg1 g6 25. Re1 Rxe1 26. Bxe1 Rh5 27. Bc3 b5 28. Bd2 Qe6 29. d5 bxc4 30. Qxc4 cxd5 31. Qd4 Qe2 32.
Bxf4 Qxf3 33. Bg3 Be5 34. Qxa7 Qxg4 35. Qa8+ Kg7 36. Bxe5+ f6 37. Qb7+ Kh6 0-1

[Event "Late-Titled-Tuesday-Blitz-April-30-2024"]
[Site "Chess.com"]
[Date "2024.04.30"]
[Round "6"]
[White "Sanyura"]
[Black "Laico"]
[Result "1-0"]
[WhiteElo "2647"]
[BlackElo "2423"]
[TimeControl "180+1"]
[EndTime "15:07:07 PDT"]
[Termination "Sanyura won on time"]

1. Nf3 e6 2. c4 f5 3. g3 b6 4. Bg2 Bb7 5. O-O Nf6 6. Nc3 Bb4 7. d4 Bxc3 8. bxc3 O-O 9. Bg5 d6 10. c5 dxc5 11. dxc5 bxc5 12. Qb3 Bd5 13. c4 Be4 14. Rfd1 Qe8 15. Bxf6 Rxf6 16. Qb5 Qxb5 17. cxb5 a6 18.
a4 axb5 19. axb5 Rxa1 20. Rxa1 Nd7 21. Ra7 Rf7 22. Ng5 Re7 23. Bxe4 fxe4 24. Rxc7 e3 25.
fxe3 h6 26. Nf3 Kf8 27. Nd2 Ne5 28. Rxc5 Ng4 29. Nc4 Rb7 30. b6 Ke7 31. Rc6 Nf6 32. Na5 Kd7 33. Rxe6 Kxe6 34. Nxb7 Nd7 35. Nd8+ Ke7 36.
Nc6+ Kd6 37. Nd4 Nxb6 38. Nf5+ Ke5 39. Nxg7 Ke4 40. Kf2 Nc4 41. Nh5 Nxe3 42. Nf6+ Kd4 43. h3 Nd1+ 44. Kf3 Ne3 45. Ng4 Nf5 46. Kf4 Ne7 47.
Nxh6 Kd5 48. Nf5 Ng6+ 49. Kg5 Ne5 50. h4 Ke4 51. h5 Nf7+ 52. Kf6 1-0

[Event "Late-Titled-Tuesday-Blitz-April-30-2024"]
[Site "Chess.com"]
[Date "2024.04.30"]
[Round "6"]
[White "Langua_Chess"]
[Black "Naoki"]
[Result "1-0"]
[WhiteElo "2446"]
[BlackElo "2594"]
[TimeControl "180+1"]
[EndTime "15:07:07 PDT"]
[Termination "Langua_Chess won by resignation"]

1. a3 g6 2. Nf3 Bg7 3. e4 c5 4. Bc4 Nc6 5. O-O e6 6. Re1 Nge7 7.
Ba2 O-O 8. Nc3 d5 9. d3 a6 10. Bg5 h6 11. Bh4 g5 12. Bg3 b5 13. exd5 exd5 14.
h4 g4 15. Ne5 Nxe5 16. Bxe5 Be6 17. Qd2 Nf5 18. Bxg7 Kxg7 19. Qf4 Nd4 20. Bxd5 Bxd5 21.
Qe5+ f6 22. Qxd5 Qxd5 23. Nxd5 Nxc2 24. Re7+ Rf7 25. Rc1 Rd8 26. Rxf7+ Kxf7 27. Nf4 Rd4 28. Ne2 Rxd3 29. Rxc2 c4 30. g3 f5 31. Kg2 Kf6 32.
Nf4 Rd1 33. Re2 a5 34. Re6+ Kf7 35. Re2 Rb1 36. h5 b4 37. axb4 axb4 38. Rc2 c3 39. bxc3 b3 40. Rd2 b2 41. Rd7+ Ke8 42.
Rb7 Kd8 43. Nd3 1-0

[Event "Late-Titled-Tuesday-Blitz-April-30-2024"]
[Site "Chess.com"]
[Date "2024.04.30"]
[Round "6"]
[White "yuki_chess123"]
[Black "stepanosinovsky"]
[Result "1-0"]
[WhiteElo "2114"]
[BlackElo "2351"]
[TimeControl "180+1"]
[EndTime "15:07:08 PDT"]
[Termination "yuki_chess123 won on time"]

1. Nf3 Nf6 2. g3 g6 3. Bg2 Bg7 4. c4 O-O 5. Nc3 d6 6. d3 e5 7. Rb1 a5 8. a3 Re8 9. b4 axb4 10.
axb4 e4 11. Nxe4 Nxe4 12. dxe4 Rxe4 13. c5 Ra2 14. O-O Rexe2 15. cxd6 cxd6 16. Nd4 Bxd4 17. Qxd4 Nc6 18. Bxc6 bxc6 19. Bb2 f6 20. Qxf6 Qxf6 21.
Bxf6 Bh3 22. Bd4 Bxf1 23. Kxf1 Red2 24. Be3 Rd3 25. Rc1 Rb2 26. Rxc6 Rxb4 27. Rc7 Rb8 28. Bh6 Rd5 29. Rg7+ Kh8 30. Rd7 Rh5 31. Bg7+ Kg8 32. Bd4 Rxh2 33. Kg1 Rh5 34. Rxd6 Kf7 35.
Kg2 Ke7 36. Ra6 Rb7 37. Be3 Rd5 38. Bf4 Kf7 39. Be3 h5 40. Kf3 Re7 41. Bf4 Re6 42.
Ra7+ Kf6 43. Bh6 Rd3+ 44. Kg2 Rc6 45. Bg7+ Kf5 46. Rf7+ Kg5 47. Bf8 Rd5 48. Be7+ Kh6 49. Bf8+ Kg5 50. Kh3 Rf5 51. f4+ 1-0

[Event "Late-Titled-Tuesday-Blitz-April-30-2024"]
[Site "Chess.com"]
[Date "2024.04.30"]
[Round "6"]
[White "GMKrikor"]
[Black "RandomNoob04"]
[Result "1-0"]
[WhiteElo "2887"]
[BlackElo "2731"]
[TimeControl "180+1"]
[EndTime "15:07:09 PDT"]
[Termination "GMKrikor won on time"]

1. Nf3 d5 2. c4 dxc4 3. Na3 a6 4. Nxc4 b5 5. Ne3 Bb7 6. g3 e6 7. Bg2 Nf6 8. O-O Be7 9. b3 O-O 10. Bb2 c5 11. d4 cxd4 12. Qxd4 Qxd4 13. Nxd4 Bxg2 14.
Kxg2 Nbd7 15. Nc6 Bc5 16. Rac1 Bxe3 17. fxe3 Nd5 18. Kf3 f5 19. e4 fxe4+ 20. Kxe4 Rfe8 21.
Kd3 Rac8 22. a3 N5f6 23. Ne7+ Rxe7 24. Rxc8+ Kf7 25. Rc6 e5 26. e4 Re6 27. Rfc1 Re8 28. h3 Rd8 29. Ke3 a5 30. Rd1 a4 31. b4 Rb8 32. g4 Rb7 33. Rdc1 Nb6 34. Rc7+ Rxc7 35.
Rxc7+ Nfd7 36. Bxe5 Nc4+ 37. Rxc4 bxc4 38. Bd4 Ke6 39.
Kd2 h5 40. Kc3 hxg4 41. hxg4 Kd6 42. Kxc4 Kc6 43. b5+ Kb7 44. Kd5 Nf8 45. Kd6 g6 46. e5 1-0

[Event "Late-Titled-Tuesday-Blitz-April-30-2024"]
[Site "Chess.com"]
[Date "2024.04.30"]
[Round "6"]
[White "Boninknights"]
[Black "anasta10"]
[Result "0-1"]
[WhiteElo "2366"]
[BlackElo "2610"]
[TimeControl "180+1"]
[EndTime "15:07:09 PDT"]
[Termination "anasta10 won on time"]

1. d4 Nf6 2. Nf3 g6 3. c4 Bg7 4.
Nc3 c5 5. d5 O-O 6. Bg5 h6 7.
Bh4 e6 8. Nd2 exd5 9. cxd5 g5 10. Bg3 Re8 11. e4 d6 12. Be2 a6 13. a4 Qe7 14.
O-O Nbd7 15. f4 gxf4 16. Bxf4 Ne5 17. Kh1 Rb8 18. Bxe5 Qxe5 19. Nc4 Qe7 20. e5 dxe5 21. d6 Qe6 22. a5 Bd7 23. Nb6 Bc6 24. Bc4 Qh3 25. Ncd5 Nxd5 26. gxh3 Ne3+ 27. Kg1 Nxd1 28. Bxf7+ Kh8 29. Bxe8 Ne3 30. Bxc6 Nxf1 31. Rxf1 bxc6 32. Rf7 Kg8 33. Rc7 Rd8 34. d7 Kf7 35. Rxc6 e4 36. Kf2 Bd4+ 37. Ke2 Ke7 38. Rxh6 Rg8 39. Rh7+ Kd8 40. Rh4 Rg2+ 41. Kf1 Rf2+ 42. Ke1 e3 43. Re4 Rf8 44. Ke2 Rg8 45. Re8+ Rxe8 46. dxe8=Q+ Kxe8 47. Nc4 Kd7 0-1

[Event "Late-Titled-Tuesday-Blitz-April-30-2024"]
[Site "Chess.com"]
[Date "2024.04.30"]
[Round "6"]
[White "Anton_Demchenko"]
[Black "Meri-Arabidze"]
[Result "0-1"]
[WhiteElo "2902"]
[BlackElo "2702"]
[TimeControl "180+1"]
[EndTime "15:07:10 PDT"]
[Termination "Meri-Arabidze won on time"]

1. e4 c5 2. Nf3 e6 3. g3 Nc6 4. Bg2 Nf6 5. Qe2 e5 6. d3 d6 7. O-O Be7 8. Na3 O-O 9. Nc4 Re8 10. a4 Bf8 11. Bg5 h6 12. Bxf6 Qxf6 13. Ne3 Be6 14. c3 Qd8 15. Nd2 a6 16. f4 f6 17. f5 Bf7 18. Bf3 b5 19. Bh5 Bxh5 20. Qxh5 Ne7 21. Qf3 Qd7 22. Ra2 Rad8 23. axb5 axb5 24.
c4 Nc6 25. Nd5 Nb4 26. Ra5 Rb8 27. b3 Qd8 28. Ra7 Ra8 29. Rxa8 Qxa8 30. Nc7 Qa2 31. Nxe8 Qxd2 32. cxb5 d5 33. exd5 c4 34. dxc4 Bc5+ 35.
Kh1 Nd3 36. d6 e4 37. Qg2 Nf2+ 38. Rxf2 Bxf2 39. h4 e3 40. d7 Qxd7 41. b6 Qxe8 42. b7 Qb8 43. Qd5+ Kh7 44. Kg2 Qxg3+ 45. Kf1 Qg1+ 46.
Ke2 Qe1+ 47. Kf3 Bg3 48. Qe4 Qf2+ 49. Kg4 e2 0-1

[Event "Late-Titled-Tuesday-Blitz-April-30-2024"]
[Site "Chess.com"]
[Date "2024.04.30"]
[Round "6"]
[White "TheMagician"]
[Black "ploxoi"]
[Result "1-0"]
[WhiteElo "2139"]
[BlackElo "2338"]
[TimeControl "180+1"]
[EndTime "15:07:10 PDT"]
[Termination "TheMagician won by resignation"]

1. d4 d5 2. c4 e6 3. e3 c6 4. Nf3 Nf6 5. Bd3 Be7 6. O-O Nbd7 7. b3 O-O 8. Bb2 b6 9. Nbd2 Bb7 10. Qe2 Rc8 11. e4 h6 12. e5 Ne8 13. Rad1 Nc7 14. Bb1 c5 15. Qd3 g6 16. Qe3 Kg7 17.
Rfe1 cxd4 18. Nxd4 Bc5 19. N2f3 dxc4 20. Bc1 Rh8 21. bxc4 Qe7 22. h4 Bxf3 23. Qxf3 Qxh4 24. Nc6 Nf8 25. Nxa7 Ra8 26. g3 Qh3 27. Nc6 Nh7 28.
Re4 Ng5 29. Bxg5 hxg5 30. Qg2 Rh5 31. Re2 Rah8 32. Qxh3 Rxh3 33. Be4 Rxg3+ 34. Bg2 Rg4 35. Rd7 Na6 36. Nd8 Rf8 37. Nxe6+ Kg8 38. Nxf8 Kxf8 39.
a3 Rxc4 40. Ra7 Ra4 41. Bb7 Rg4+ 42. Kf1 Nb8 43. Bd5 1-0

[Event "Late-Titled-Tuesday-Blitz-April-30-2024"]
[Site "Chess.com"]
[Date "2024.04.30"]
[Round "6"]
[White "Jarming"]
[Black "alexrustemov"]
[Result "0-1"]
[WhiteElo "2677"]
[BlackElo "2895"]
[TimeControl "180+1"]
[EndTime "15:07:11 PDT"]
[Termination "alexrustemov won by resignation"]

1. c4 c5 2. Nf3 g6 3. g3 Bg7 4.
Bg2 Nc6 5. O-O b6 6. Nc3 Bb7 7. e3 Bxc3 8. bxc3 d6 9. d3 Nf6 10. e4 Qc7 11. Ne1 h5 12. h3 Nd7 13. Nc2 O-O-O 14. a4 Na5 15. Na3 Kb8 16. Bg5 f6 17.
Bd2 g5 18. Re1 Rdg8 19. d4 a6 20. Rb1 Ka7 21. Be3 e5 22. Qd3 Rc8 23. Red1 Rhd8 24.
Qe2 h4 25. gxh4 gxh4 26. Qg4 Rg8 27. Qf5 Rg7 28. Kh1 Rcg8 29. Bf3 Bc8 30. Qh5 Nf8 31. dxc5 dxc5 32. Rg1 Bxh3 33. Rbd1 Be6 34. Qh6 Qe7 35. Rxg7 Qxg7 36. Qxg7+ Rxg7 37. Be2 Kb7 38. Kh2 Kc7 39.
f4 Nd7 40. Rf1 h3 41. Bf3 Nxc4 42. Nxc4 Bxc4 43. Rf2 a5 44. Kxh3 Bb3 45. Bg2 Bxa4 46. fxe5 fxe5 47. Kh4 Bb3 48. Kh5 a4 49. Kh6 Rg3 50.
Bc1 Rxc3 51. Bb2 Rc2 52. Rxc2 Bxc2 53. Bh3 Bxe4 54. Bxd7 Kxd7 55. Bxe5 Ke6 56. Kg5 Kxe5 0-1

[Event "Late-Titled-Tuesday-Blitz-April-30-2024"]
[Site "Chess.com"]
[Date "2024.04.30"]
[Round "6"]
[White "PapaieDudu"]
[Black "HipsterChess22"]
[Result "1-0"]
[WhiteElo "2382"]
[BlackElo "2181"]
[TimeControl "180+1"]
[EndTime "15:07:12 PDT"]
[Termination "PapaieDudu won on time"]

1. Nf3 d5 2. d4 e6 3. c4 c6 4. Nc3 dxc4 5. a4 Bb4 6. Bg5 Ne7 7. e4 b5 8. Be2 Bb7 9. O-O a6 10. e5 h6 11. Bh4 Qc8 12. Na2 Ba5 13. Bxe7 Kxe7 14.
b4 Bc7 15. Nc3 Rd8 16. Ne4 Kf8 17. Nc5 Nd7 18. Qc2 Nxc5 19. bxc5 Kg8 20. Qe4 Rb8 21. Bd1 Qd7 22. Bc2 g6 23. Qf4 Qe7 24. Qxh6 Qf8 25. Qg5 Rd7 26. Rfd1 Bd8 27. Qf4 Be7 28. Nd2 Rbd8 29.
Ne4 b4 30. Qe3 b3 31. Bb1 a5 32. Qc3 Qg7 33. f4 f5 34. Nd6 Bxd6 35. cxd6 c5 36. dxc5 Bd5 37. c6 Bxc6 38. Qxc4 Bd5 39. Rxd5 exd5 40. Qxd5+ Kh7 41. Ra3 Rxd6 42. exd6 Qb2 43.
Rxb3 1-0